 Dungeon Crawl Stone Soup version 0.30-a0-743-gbfdf073431 (webtiles) character file.

Game seed: 187878983711965712

53 avis the Shooter (level 3, 0/31 HPs)
             Began as a Demigod Hunter on Feb 7, 2023.
             Slain by an iguana (10 damage)
             ... on level 1 of the Dungeon.
             The game lasted 00:04:08 (1181 turns).

avis the Shooter (Demigod Hunter)                   Turns: 1181, Time: 00:04:08

Health: 0/31       AC:  3    Str: 12    XL:     3   Next: 42%
Magic:  5/5        EV: 12    Int: 11    God:
Gold:   10         SH:  0    Dex: 21    Spells: 2/2 levels left

rFire   . . .      SeeInvis .    a - +0 shortbow
rCold   . . .      Faith    .    (shield currently unavailable)
rNeg    . . .      Spirit   .    c - +0 leather armour
rPois   .          Reflect  .    (no helmet)
rElec   .          Harm     .    (no cloak)
rCorr   .          Rampage  .    (no gloves)
Will    .....                    (no boots)
Stlth   ++                       (no amulet)
HPRegen 0.25/turn                (no ring)
MPRegen 0.09/turn                (no ring)

@: no status effects
A: high MP 1, forlorn, divine attributes
a: no special abilities


You were on level 1 of the Dungeon.
You visited 1 branch of the dungeon, and saw 2 of its levels.

You collected 10 gold pieces.

Inventory:

Hand Weapons
 a - a +0 shortbow (weapon)
 e - a +0 sling
Missiles
 g - 3 atropa-tipped darts
Armour
 c - a +0 leather armour (worn)
Scrolls
 b - 2 scrolls of immolation
 f - a scroll of poison {unknown}
Potions
 d - a potion of curing {unknown}
 h - a potion of flight {unknown}
 i - a potion of brilliance {unknown}


   Skills:
 - Level 3.0 Fighting
 * Level 4.2 Ranged Weapons
 - Level 1.7 Dodging
 - Level 0.8 Stealth


You had 2 spell levels left.
You didn't know any spells.
Your spell library contained the following spells:

 Spells                   Type           Power      Damage    Failure   Level
 Petrify                  Tmut/Erth      0%         N/A       99%         4
 Metabolic Englaciation   Hex/Ice        0%         N/A       100%        5
 Statue Form              Tmut/Erth      0%         N/A       100%        6


Dungeon Overview and Level Annotations

Branches:
Dungeon (2/15)


Innate Abilities, Weirdness & Mutations

You have an increased reservoir of magic. (+10% MP)
You shall have no god before yourself.
Your divine heritage dramatically boosts your attributes as you level up.


Message History

Press: ? - help, Q - select action, (/) - cycle Shift-Dir - straight line, f - iguana
Aim: an iguana (69% to hit)
You shoot an arrow. The arrow hits the iguana.
The iguana is lightly wounded.
The iguana bites you.
Fire: a) +0 shortbow
Press: ? - help, Q - select action, (/) - cycle Shift-Dir - straight line, f/p - iguana
Aim: an iguana (lightly wounded, 69% to hit)
You shoot an arrow. The arrow barely misses the iguana.
The iguana completely misses you.
Fire: a) +0 shortbow
Press: ? - help, Q - select action, (/) - cycle Shift-Dir - straight line, f/p - iguana
Aim: an iguana (lightly wounded, 69% to hit)
You shoot an arrow. The arrow barely misses the iguana.
The iguana bites you!
Fire: a) +0 shortbow
Press: ? - help, Q - select action, (/) - cycle Shift-Dir - straight line, f/p - iguana
Aim: an iguana (lightly wounded, 69% to hit)
You shoot an arrow. The arrow hits the iguana.
The iguana is moderately wounded.
The iguana closely misses you. The iguana bites you.
Fire: a) +0 shortbow
Press: ? - help, Q - select action, (/) - cycle Shift-Dir - straight line, f/p - iguana
Aim: an iguana (moderately wounded, 69% to hit)
You shoot an arrow. The arrow barely misses the iguana.
The iguana closely misses you.
Fire: a) +0 shortbow
Press: ? - help, Q - select action, (/) - cycle Shift-Dir - straight line, f/p - iguana
Aim: an iguana (moderately wounded, 69% to hit)
You shoot an arrow. The arrow hits the iguana.
The iguana is heavily wounded.
The iguana misses you. The iguana bites you.
* * * LOW HITPOINT WARNING * * *
Fire: a) +0 shortbow
Press: ? - help, Q - select action, (/) - cycle Shift-Dir - straight line, f/p - iguana
Aim: an iguana (heavily wounded, 69% to hit)
You shoot an arrow. The arrow hits the iguana.
The iguana is severely wounded.
The iguana bites you!
You die...

#.............##.#.............
#.#.#########.##.#.##.##.#####.
#.#.#....##....#.#.##.##.### #.
#.#.#....##.#..#.#.........# #.
#.#.........#..#.#...###.#+###.
#.#########.#..#............##.
#.# #............)......### #.#
###.##..............# #.#
#...@..........#+## #.###
#.#..l...#.##..#.#
#.#.#######.#........##..#.####
#.#.........#.#.##.#####.#.....
#.#.#................###.......
#.#.........#...####.....#####.
#.#.............# ####### ###.
#.#.........#...# #...
#.........#.#..)# #...


You could see an iguana.

Vanquished Creatures
  Natasha (D:2)
  A dart slug (D:1)
  4 endoplasms (D:1)
  A giant cockroach (D:1)
  3 goblins (D:1)
  2 hobgoblins (D:1)
  3 jackals (D:1)
  A quokka (D:1)
  3 bats (D:1)
  A frilled lizard (D:1)
  3 kobolds (D:1)
23 creatures vanquished.

Notes
Turn   | Place    | Note
-------+----------+-------------------------------------------
     0 | D:1      | avis the Demigod Hunter began the quest for the Orb.
     0 | D:1      | Reached XP level 1. HP: 17/17 MP: 3/3
   448 | D:1      | Reached skill level 4 in Ranged Weapons
   487 | D:1      | Reached XP level 2. HP: 24/24 MP: 4/4
  1169 | D:2      | Noticed Natasha
  1172 | D:2      | Killed Natasha
  1173 | D:2      | Reached XP level 3. HP: 25/31 MP: 5/5
  1181 | D:1      | Slain by an iguana

Illustrated notes

Levels and vault maps discovered:
D:1:      roderic_chinese_lattice_arrival, layout_basic
D:2:      layout_basic, uniq_jessica, uniq_natasha

Skill      XL: |  1  2 |
---------------+-------+-----
Fighting       | 2 3 |  3.0
Ranged Weapons | 4 |  4.2
Dodging        | |  1.7
Stealth        | |  0.8

Action                     || total
---------------------------++-------
   Fire: Shortbow          ||    51
  Dodge: Dodged            ||    10

Table legend: (Time is in decaauts)
 A = Elapsed time spent in this place.
 B = Non-inter-level travel time spent in this place.
 C = Inter-level travel time spent in this place.
 D = Time resting spent in this place.
 E = Time spent auto-exploring this place.
 F = Levels seen in this place.
 G = Mean time per level.
                   A        B        C        D        E       F      G
               +--------+--------+--------+--------+--------+-----+--------+
         Total |   1198 |   1138 |     60 |    295 |    688 |   2 |  599.0 |
       Dungeon |   1198 |   1138 |     60 |    295 |    688 |   2 |  599.0 |
               +--------+--------+--------+--------+--------+-----+--------+

Top non-repeatable levels by time:
     D:1: 1192 daAuts
     D:2: 5 daAuts
